 Dungeon Crawl Stone Soup version 0.20.1-1-g8b1a95d (webtiles) character file.

217 raph the Chopper (level 5, -5/47 HPs)
             Began as a Hill Orc Monk on Dec 21, 2017.
             Was a Believer of Kikubaaqudgha.
             Killed from afar by Ijyb (23 damage)
             ... with a wand of lightning (?/15)
             ... on level 5 of the Dungeon.
             The game lasted 00:07:15 (4157 turns).

raph the Chopper (Hill Orc Monk)                    Turns: 4157, Time: 00:07:16

Health: -5/47      AC:  6    Str: 18    XL:     5   Next: 94%
Magic:  5/5        EV: 10    Int: 10    God:    Kikubaaqudgha [**....]
Gold:   71         SH:  0    Dex: 14    Spells: 3/4 levels left

rFire    . . .     SeeInvis .   a - +1 hand axe
rCold    . . .     Gourm    .   (no shield)
rNeg     . . .     Faith    .   k - +0 scale mail
rPois    .         Spirit   .   (no helmet)
rElec    .         Reflect  .   (no cloak)
rCorr    .         Harm     .   (no gloves)
MR       .....                  (no boots)
Stlth    ..........             (no amulet)
Regen    0.2/turn               y - +4 ring of strength
MPRegen  0.1/turn               (no ring)

@: heavily drained
A: no striking features
a: Receive Corpses, Renounce Religion


You were on level 5 of the Dungeon.
You worshipped Kikubaaqudgha.
Kikubaaqudgha was pleased with you.
You were not hungry.

You visited 1 branch of the dungeon, and saw 6 of its levels.

You collected 119 gold pieces.
You spent 48 gold pieces at shops.

Inventory:

Hand Weapons
 a - a +1 hand axe (weapon)
Armour
 b - a +0 robe
 h - a +0 leather armour
 k - a +0 scale mail (worn)
 o - a +0 plate armour
Jewellery
 s - an uncursed ring of ice
 y - a +4 ring of strength (left hand)
Wands
 n - a wand of digging (7/24)
Scrolls
 d - a scroll of magic mapping
 e - 2 scrolls of remove curse
 m - 3 scrolls of teleportation
Potions
 f - 2 potions of curing
 g - 2 potions of brilliance
 j - a potion of ambrosia {unknown}
 l - 2 potions of haste
 q - a potion of heal wounds
 t - a potion of magic {unknown}
 z - a potion of mutation
Books
 p - Kikubaaqudgha's Handbook of Darkness
   (Kikubaaqudgha gifted it to you on level 2 of the Dungeon)

   Spells                             Type                      Level
   a - Pain                           Necromancy                   1
   b - Corpse Rot                     Necromancy                   2
   c - Sublimation of Blood           Necromancy                   2
   d - Regeneration                   Charms/Necromancy            3
   e - Control Undead                 Necromancy                   4
Comestibles
 c - 5 bread rations
 i - 3 royal jellies
 r - 2 chunks of flesh
 x - 2 meat rations


   Skills:
 + Level 4.4(2.9) Fighting
 * Level 5.7(4.2) Axes
 + Level 1.0(0.0) Armour
 + Level 3.0(1.5) Dodging
 + Level 2.7(1.3) Stealth
 + Level 0.2(0.0) Spellcasting
 + Level 1.5(0.1) Necromancy


You had 3 spell levels left.
You knew the following spells:

 Your Spells              Type           Power        Failure   Level  Hunger
a - Pain                  Necr           #...         77%         1    ##.....


Dungeon Overview and Level Annotations

Branches:
Dungeon (6/15)             Temple (0/1) D:4

Altars:
Kikubaaqudgha
Qazlal
Trog

Shops:
D:4 ?

Annotations:
D:5 Ijyb; othur's ghost, novice MiFi


Message History

You see here a hound corpse.
You butcher the hound corpse.
r - 3 chunks of flesh You start resting.
HP restored.
c - 5 bread rations (gained 1) Eating one of 3 chunks of flesh.
You eat one of the 3 chunks of flesh.
This raw flesh tastes terrible.
t - a bubbling orange potion Ijyb the Twisted Goblin comes into view.
She is wielding a club.
Ijyb shouts!
Othur's ghost (novice Minotaur Fighter) comes into view.
Othur's ghost turns its malevolent gaze towards you.
Ijyb screams, "Get away!"
Ijyb zaps a wand.
The bolt of lightning hits you!
Ouch! That really hurt!
It is a wand of lightning (?/15).
Ijyb zaps a wand.
The bolt of lightning hits you!
You die...
Kikubaaqudgha rasps: "You have failed me!
Welcome... death!"

#####...... ##.#
#........#. #...
#.#####.... #... #.#
##... #... #.# ##.# #...
####.######### #...
#............
####...#####.##.##.####..
...Wg.!.@...........###..
..............#####.#....
..............# #.#.#..
####...######.# #.#.#..
#... #.# #...... #...
#.#####.#.# #...
#.......#.# #...
####......#
########.########


You could see Ijyb and othur's ghost.

Vanquished Creatures
  2 hounds (D:5)
  A worker ant (D:5)
  6 adders
  A dart slug (D:1)
  A worm (D:3)
  A leopard gecko (D:2)
  3 orcs
  2 ball pythons (D:1)
  A giant cockroach (D:3)
  7 hobgoblins
  4 jackals (D:1)
  5 kobolds
  2 quokkas
  11 bats
  6 frilled lizards
  13 goblins
  A quokka skeleton (D:5)
  7 rats
74 creatures vanquished.

Vanquished Creatures (others)
  5 toadstools (D:1)
5 creatures vanquished.

Grand Total: 79 creatures vanquished

Notes
Turn   | Place    | Note
-------+----------+-------------------------------------------
     0 | D:1      | raph the Hill Orc Monk began the quest for the Orb.
     0 | D:1      | Reached XP level 1. HP: 19/19 MP: 1/1
   226 | D:1      | Reached XP level 2. HP: 19/27 MP: 2/2
  1079 | D:1      | Reached XP level 3. HP: 33/33 MP: 3/3
  1863 | D:2      | Reached skill level 5 in Axes
  1944 | D:2      | Reached XP level 4. HP: 32/40 MP: 4/4
  2383 | D:2      | Found a bloodstained altar of Trog.
  2383 | D:2      | Found an ancient bone altar of Kikubaaqudgha.
  2399 | D:2      | Became a worshipper of Kikubaaqudgha
  2399 | D:2      | Reached * piety under Kikubaaqudgha
  2399 | D:2      | Identified Kikubaaqudgha's Handbook of Darkness (Kikubaaqudgha gifted it to you on level 2 of the Dungeon)
  2399 | D:2      | Received a gift from Kikubaaqudgha
  2399 | D:2      | Reached ** piety under Kikubaaqudgha
  2408 | D:2      | Learned a level 1 spell: Pain
  2707 | D:3      | Found a stormy altar of Qazlal.
  3155 | D:3      | Reached XP level 5. HP: 33/46 MP: 5/5
  3576 | D:4      | Found Uckyex's Magic Scroll Boutique.
  3584 | D:4      | Bought a scroll of identify for 24 gold pieces
  3584 | D:4      | Bought a scroll of identify for 24 gold pieces
  3606 | D:4      | You fall through a shaft for 2 floors!
  3639 | D:5      | Entered Level 5 of the Dungeon
  3655 | D:5      | Reached skill level 1 in Necromancy
  4052 | D:5      | Reached skill level 1 in Armour
  4154 | D:5      | Noticed Ijyb
  4155 | D:5      | Noticed othur's ghost (novice MiFi)
  4157 | D:5      | Killed from afar by Ijyb

Skill      XL: |  1  2  3  4  5 |
---------------+----------------+-----
Stealth        | 2 |  2.7
Axes           | 5 |  5.7
Fighting       | 4 |  4.4
Necromancy     | 1 |  1.5
Armour         | 1 |  1.0
Dodging        | 3 |  3.0
Spellcasting   | |  0.2

Action                   |  1- 3 |  4- 6 || total
-------------------------+-------+-------++-------
Melee: Hand axe          |   130 |   177 ||   307
  Use: Scroll            |       |    10 ||    10
 Stab: Sleeping          |     1 |       ||     1
       Distracted        |     1 |       ||     1
  Eat: Chunk             |     3 |     8 ||    11
Armor: Robe              |     6 |       ||     6
       Leather armour    |     9 |       ||     9
       Scale mail        |    17 |    62 ||    79
       Plate armour      |       |    12 ||    12
Dodge: Dodged            |    95 |    89 ||   184
